 Dungeon Crawl Stone Soup version 0.29.0-11-gd7f09526c8 (webtiles) character file.

Game seed: 7413867155830071951

11 sanka the Charlatan (level 2, 0/23 HPs)
             Began as a Djinni Artificer on Sept 4, 2022.
             Frozen to death by an endoplasm (6 damage)
             ... on level 1 of the Dungeon.
             The game lasted 00:00:52 (925 turns).

sanka the Charlatan (Djinni Artificer)               Turns: 925, Time: 00:00:53

Health: 0/23       AC:  3    Str: 11    XL:     2   Next: 35%
Gold:   22         EV: 12    Int: 12    God:
                   SH:  0    Dex: 13

rFire   + + .      SeeInvis .   a - +0 club
rCold   x . .      Faith    .   (no shield)
rNeg    . . .      Spirit   .   b - +0 leather armour
rPois   ∞          Reflect  .   (no helmet)
rElec   .          Harm     .   (no cloak)
rCorr   .          Rampage  .   (no gloves)
Will    .....                   (boots unavailable)
Stlth   +.........              (no amulet)
HPRegen 0.07/turn               (no ring)
MPRegen 0.00/turn               (no ring)

@: flying
A: sickness immunity, fire resistance 2, cold vulnerability 1, float, innate
caster, HP casting, extra vitality 1
a: no special abilities


You were on level 1 of the Dungeon.
You visited 1 branch of the dungeon, and saw 1 of its levels.

You collected 22 gold pieces.


Innate Abilities, Weirdness & Mutations

You are immune to sickness and miasma.
You are immune to poison.
Your flesh is very heat resistant. (rF++)
You are vulnerable to cold. (rC-)
You float through the air rather than walking.
You learn spells naturally, not from books.
Your magical power is your life essence.
You have superior vitality. (+4 MHP)


   Skills:
 + Level 1.7 Fighting
 - Level 1.0 Armour
 + Level 2.7 Dodging
 - Level 0.7 Stealth
 - Level 3.0 Evocations


You had one spell level left.
You didn't know any spells.
Your spell library was empty.

Inventory:

Hand Weapons
 a - a +0 club (weapon)
Armour
 b - a +0 leather armour (worn)
Wands
 c - a wand of flame (12) (quivered)
 d - a wand of charming (15)
 e - a wand of iceblast (5)
Scrolls
 g - a scroll of identify {unknown}
 h - a scroll of teleportation {unknown}
 i - a scroll of blinking {unknown}
Potions
 f - a potion of ambrosia {unknown}

Dungeon Overview and Level Annotations

Branches:
Dungeon (1/15)

Altars:

▒.▒ ▒.▒ ▒ ▒.▒.▒.▒ ▒ ▒!▒▒.▒.▒.▒.▒
▒......▒.▒.▒ ▒▒▒▒▒▒▒▒▒▒▒▒▒▒▒
▒.▒▒▒.▒.▒
..............▒▒▒▒▒▒▒.......▒▒▒▒
................................
.▒...▒▒▒......▒▒▒▒▒▒▒▒▒▒g.▒▒▒..
.▒...▒ ▒......▒.RJbBlh....▒
.▒...▒ ▒......▒.▒▒▒▒▒▒▒▒▒.▒
.▒...▒ ▒▒▒▒▒▒.▒. ▒...B▒ .▒...▒
▒.▒. ▒.▒▒h▒ .▒▒▒▒▒ ▒.▒. ▒. ▒.g
.▒▒▒▒▒ ▒.▒. ▒. .▒( ....>... ..▒.
.. ▒ ▒ ▒▒▒▒▒▒▒▒▒▒▒▒▒▒▒▒▒▒▒▒▒ ▒▒
.....▒ ▒............▒▒▒ .


You could see an endoplasm, a jackal, a giant cockroach, a bat and a frilled
lizard.


Message History

You hit the goblin.
You kill the goblin!
The endoplasm freezes you.
You are frozen.
You feel a terrible chill!
* * * LOW HITPOINT WARNING * * *
The endoplasm attacks as you move away! The endoplasm hits you.
* * * LOW HITPOINT WARNING * * *
You see here a +0 dagger.
Unknown command.
The endoplasm attacks as you move away! The endoplasm hits you.
* * * LOW HITPOINT WARNING * * *
The endoplasm attacks as you move away! The endoplasm closely misses you.
Unknown command.
Aiming: Throw Flame
Aim: an endoplasm (98% to hit)
The puff of flame hits the endoplasm.
The endoplasm is moderately wounded.
The endoplasm barely misses you.
Aiming: Throw Flame
Aim: an endoplasm (moderately wounded, 98% to hit)
The puff of flame hits the endoplasm.
The endoplasm is heavily wounded.
The endoplasm freezes you.
You are frozen.
You feel a terrible chill!
You die...

Action                   || total
-------------------------++-------
Melee: Club              ||    66
Evoke: Wand              ||     3
 Stab: Sleeping          ||     1
Armor: Leather armour    ||    16
Dodge: Dodged            ||    49

Levels and vault maps discovered:
D:1:      minmay_arrival_open_corners, layout_basic, minmay_heptomino_o4

Notes
Turn   | Place    | Note
-------+----------+-------------------------------------------
     0 | D:1      | sanka the Djinni Artificer began the quest for the Orb.
     0 | D:1      | Reached XP level 1. HP: 17/17 MP: 0/0
   407 | D:1      | Reached XP level 2. HP: 13/22 MP: 0/0
   925 | D:1      | Frozen to death by an endoplasm

Vanquished Creatures
  3 endoplasms (D:1)
  A giant cockroach (D:1)
  2 goblins (D:1)
  A hobgoblin (D:1)
  A frilled lizard (D:1)
  A rat (D:1)
9 creatures vanquished.
